 Dungeon Crawl Stone Soup version 0.18.1-50-g88ac8fd (webtiles) character file.

731 lorenzova the Thaumaturge (level 7, -2/36 HPs)
             Began as a Deep Elf Conjurer on Oct 23, 2016.
             Was an Initiate of Sif Muna.
             Slain by an orc warrior
             ... wielding a +2 hand axe of freezing
              (5 damage)
             ... on level 5 of the Dungeon.
             The game lasted 00:11:03 (6021 turns).

lorenzova the Thaumaturge (Deep Elf Conjurer)       Turns: 6021, Time: 00:11:05

Health: -2/36      AC:  2    Str:  5    XL:     7   Next: 45%
Magic:  8/20       EV: 13    Int: 22    God:    Sif Muna [......]
Gold:   265        SH:  0    Dex: 15    Spells: 2 memorised, 17 levels left

rFire  . . .     SeeInvis .     j - +0 short sword (elec)
rCold  . . .     Gourm    .     a - +0 robe
rNeg   . . .     Faith    .     (no shield)
rPois  .         Spirit   .     n - +0 hat
rElec  .         Dismiss  .     (no cloak)
rCorr  .         Reflect  .     (no gloves)
SustAt .         Harm     .     (no boots)
MR     .....                    u - amulet of regeneration
Stlth  ++........               (no ring)
                                (no ring)

@: very slightly contaminated, not resistant to hostile enchantments, unstealthy
A: no striking features
a: Renounce Religion


You were on level 5 of the Dungeon.
You worshipped Sif Muna.
Sif Muna was noncommittal.
You were hungry.

You visited 2 branches of the dungeon, and saw 8 of its levels.

You collected 265 gold pieces.

Inventory:

Hand Weapons
 j - a +0 short sword of electrocution (weapon)
Armour
 a - a +0 robe (worn)
 n - a +0 hat (worn)
 r - a +1 leather armour of cold resistance
Jewellery
 u - an amulet of regeneration (around neck)
Wands
 v - a wand of paralysis (6/24)
Scrolls
 d - 6 scrolls of teleportation
 e - 2 scrolls of fog
 k - a scroll of immolation
 l - a scroll of recharging {unknown}
Potions
 f - a potion of flight
 h - a potion of brilliance {unknown}
 m - 2 potions of curing {unknown}
 p - a potion of agility {unknown}
 s - a potion of haste {unknown}
Books
 b - a book of Conjurations

   Spells                             Type                      Level
   a - Magic Dart                     Conjuration                  1
   b - Searing Ray                    Conjuration                  2
   c - Dazzling Spray                 Conjuration/Hexes            3
   d - Fulminant Prism                Conjuration/Hexes            4
   e - Iskenderun's Mystic Blast      Conjuration                  4
   f - Iskenderun's Battlesphere      Conjuration/Charms           5
 t - an Akashic Record

   Spells                             Type                      Level
   a - Dispersal                      Translocation                6
   b - Malign Gateway                 Summoning/Translocation      7
   c - Disjunction                    Translocation                8
   d - Controlled Blink               Translocation                8
Comestibles
 c - 5 bread rations
 g - a slice of pizza
 o - 3 fruits
 q - 2 meat rations
 w - a beef jerky


   Skills:
 - Level 2.4 Dodging
 - Level 2.4 Stealth
 + Level 8.1 Spellcasting
 + Level 7.9 Conjurations


You had 17 spell levels left.
You knew the following spells:

 Your Spells              Type           Power        Failure   Level  Hunger
a - Magic Dart            Conj           ####         1%          1    None
b - Iskenderun's Mystic   Conj           #####...     3%          4    ###....


Dungeon Overview and Level Annotations

Branches:
Dungeon (7/15)             Temple (1/1) D:5

Altars:
Ashenzari
Dithmenos
Elyvilon
Fedhas
Makhleb
Nemelex Xobeh
Okawaru
Pakellas
Ru
Sif Muna
Trog
Vehumet
Xom
Yredelemnul
The Shining One


Message History

Casting: Iskenderun's Mystic Blast
Confirm with . or Enter, or press ? or * to list all spells.
Aiming: Iskenderun's Mystic Blast
Press: ? - help, Shift-Dir - straight line, f/p - orc warrior
Aim: an orc warrior, wielding a hand axe of freezing and wearing a plate armour The orb of energy hits the orc warrior.
The orc warrior is heavily wounded.
The orb of energy explodes!
The orc warrior closely misses you.
Casting: Iskenderun's Mystic Blast
Confirm with . or Enter, or press ? or * to list all spells.
Aiming: Iskenderun's Mystic Blast
Press: ? - help, Shift-Dir - straight line, f/p - orc warrior
Aim: an orc warrior, wielding a hand axe of freezing and wearing a plate armour (heavily wounded)
The orb of energy hits the orc warrior.
The orc warrior is heavily wounded.
The orb of energy explodes!
The orc warrior hits you with a hand axe of freezing!
* * * LOW HITPOINT WARNING * * *
The orc warrior freezes you.
You die...

...#...# ##.#.# #.....##...##.
#.###### #.#.# #.....#.....#.
...#...#######.#.# #.....#.....#.
.⌠...⌠.#.....#...# #.#.#..#..####
...#...#####.##..###...#..#.#....
#####.### #.##....†##.#..#.#.###
# #.#.# #.##.....##.#..#.#....
#####...# #.##.....##.)..#.#####
#.......# #....@...#.....#......
#.....#.# #.###.o..#.###########
#.....#.# #.# #....#.# #....
......'.# ### #....#.# #.###
#.....### ######.# #.# #.....#
######.# #.### #.....# #......#
#.#.. #.....# #....#.# #.#.#
#.....#############.#.#######.#.#


You could see an orc warrior.

Vanquished Creatures
  Edmund (D:6)
  An ogre (D:4)
  A howler monkey (D:6)
  A crimson imp (D:4)
  A hound (D:5)
  A giant frog skeleton (D:4)
  An iguana (D:5)
  2 orc wizards
  3 worker ants
  4 gnolls
  A howler monkey skeleton (D:4)
  7 adders
  A shadow imp (D:5)
  2 adder skeletons
  3 worms
  3 dart slugs
  5 giant geckos
  14 orcs
  9 bats
  4 giant cockroaches
  10 goblins
  A hobgoblin (D:1)
  11 jackals
  8 kobolds
  A quokka (D:2)
  A giant cockroach zombie (D:4)
  6 giant newts
  2 quokka skeletons
  5 rats
110 creatures vanquished.

Vanquished Creatures (others)
  A crocodile (D:3)
1 creature vanquished.

Grand Total: 111 creatures vanquished

Notes
Turn   | Place    | Note
--------------------------------------------------------------
     0 | D:1      | lorenzova the Deep Elf Conjurer began the quest for the Orb.
     0 | D:1      | Reached XP level 1. HP: 10/10 MP: 6/6
   158 | D:1      | Reached XP level 2. HP: 15/15 MP: 4/8
   649 | D:1      | Reached skill level 5 in Conjurations
   766 | D:1      | Reached skill level 4 in Spellcasting
   766 | D:1      | Reached XP level 3. HP: 19/19 MP: 7/10
   914 | D:1      | Found a sparkling altar of Nemelex Xobeh.
  1227 | D:2      | Found a basalt altar of Yredelemnul.
  1302 | D:2      | Found an oddly glowing altar of Pakellas.
  1512 | D:2      | Reached XP level 4. HP: 24/24 MP: 7/12
  1518 | D:2      | Learned a level 4 spell: Iskenderun's Mystic Blast
  2408 | D:3      | Reached skill level 5 in Spellcasting
  2766 | D:3      | Found an oddly glowing altar of Pakellas.
  2766 | D:3      | Noticed an orange crystal statue
  2767 | D:3      | Noticed a crocodile
  2812 | D:3      | Killed a crocodile
  2981 | D:4      | Found a shadowy altar of Dithmenos.
  3066 | D:4      | Found a bloodstained altar of Trog.
  3123 | D:4      | Reached XP level 5. HP: 28/28 MP: 5/14
  3480 | D:4      | Reached skill level 6 in Spellcasting
  3793 | D:4      | Found a sacrificial altar of Ru.
  3827 | D:4      | Noticed an ogre
  3833 | D:4      | Killed an ogre
  3833 | D:4      | Reached XP level 6. HP: 32/32 MP: 9/17
  4179 | D:5      | Entered Level 5 of the Dungeon
  4332 | D:5      | Found a shattered altar of Ashenzari.
  4369 | D:5      | You fall through a shaft for 2 floors!
  4369 | D:7      | Noticed an orc warrior
  4773 | D:5      | Reached skill level 7 in Spellcasting
  5172 | D:5      | Found a staircase to the Ecumenical Temple.
  5181 | Temple   | Entered the Ecumenical Temple
  5188 | Temple   | Became a worshipper of Sif Muna the Loreminder
  5268 | D:5      | Reached XP level 7. HP: 36/36 MP: 12/19
  5466 | D:6      | Noticed Edmund
  5496 | D:6      | Killed Edmund
  5951 | D:5      | Reached skill level 8 in Spellcasting
  6021 | D:5      | Slain by an orc warrior

Skill      XL: |  1  2  3  4  5  6  7 |
---------------+----------------------+-----
Conjurations   | 5 6 7 |  7.9
Spellcasting   | 4 5 6 7 8 |  8.1
Dodging        | |  2.4
Stealth        | |  2.4

Action                   |  1- 3 |  4- 6 |  7- 9 || total
-------------------------+-------+-------+-------++-------
Melee: Short sword       |       |       |     3 ||     3
 Cast: Magic Dart        |    64 |   170 |    30 ||   264
       Iskenderun's Myst |       |     4 |    13 ||    17
  Use: Scroll            |       |     6 |       ||     6
  Eat: Chunk             |     1 |    12 |     3 ||    16
Armor: Robe              |     1 |     1 |     1 ||     3
Dodge: Dodged            |     8 |    10 |    10 ||    28
